 Dungeon Crawl Stone Soup version 0.24.0-1-gfbc8707 (webtiles) character file.

Game seed: 16625211567143810234, levelgen mode: deterministic

58 Buxparty the Ducker (level 3, -2/28 HPs)
             Began as a Mummy Gladiator on Jan 5, 2020.
             Slain by a worker ant (3 damage)
             ... on level 2 of the Dungeon.
             The game lasted 00:02:35 (1411 turns).

Buxparty the Ducker (Mummy Gladiator)               Turns: 1411, Time: 00:02:36

Health: -2/28      AC:  4    Str: 18    XL:     3   Next: 75%
Magic:  3/3        EV: 12    Int:  7    God:
Gold:   111        SH:  0    Dex: 13    Spells: 2/2 levels left

rFire    x . .     SeeInvis .   a - +0 long sword
rCold    + . .     Gourm    .   (no shield)
rNeg     + + +     Faith    .   b - +0 leather armour
rPois    ∞         Spirit   .   c - +0 helmet
rElec    .         Reflect  .   (no cloak)
rCorr    .         Harm     .   (no gloves)
MR       .....                  (no boots)
Stlth    +.........             (no amulet)
HPRegen  0.09/turn              h - ring of positive energy
MPRegen  0.08/turn              (no ring)

@: no status effects
A: no food or potions, fire vulnerability, cold resistance 1, negative energy
resistance 3, torment resistance, unbreathing
a: no special abilities


You were on level 2 of the Dungeon.
You were not hungry.

You visited 1 branch of the dungeon, and saw 2 of its levels.

You collected 111 gold pieces.

Inventory:

Hand Weapons
 a - a +0 long sword (weapon)
Missiles
 d - 3 throwing nets (quivered)
Armour
 b - a +0 leather armour (worn)
 c - a +0 helmet (worn)
Jewellery
 h - a ring of positive energy (left hand)
 k - a +3 ring of strength {unknown}
Scrolls
 e - a scroll of magic mapping {unknown}
 f - a scroll of blinking {unknown}
 g - a scroll of random uselessness {unknown}
 i - a scroll of remove curse {unknown}
 j - a scroll of identify {unknown}
 l - a scroll of amnesia {unknown}


   Skills:
 + Level 2.5 Fighting
 + Level 2.7 Long Blades
 + Level 2.0 Throwing
 + Level 1.0 Armour
 + Level 2.8 Dodging


You had 2 spell levels left.
You didn't know any spells.
Your spell library was empty.

Dungeon Overview and Level Annotations

Branches:
Dungeon (2/15)

Altars:
Nemelex Xobeh


Innate Abilities, Weirdness & Mutations

You do not eat or drink.
Your flesh is vulnerable to fire.
You are immune to poison.
Your flesh is cold resistant. (rC+)
You are immune to negative energy. (rN+++)
You are immune to unholy pain and torment.
You can survive without breathing.


Message History

The worker ant is heavily wounded.
The worker ant barely misses you. The worker ant closely misses you.
You riposte.
You hit the worker ant but do no damage.
The worker ant is heavily wounded.
You completely miss the worker ant.
The worker ant is heavily wounded.
The worker ant bites you but does no damage.
You barely miss the worker ant.
The worker ant is heavily wounded.
The worker ant barely misses you.
You hit the worker ant but do no damage.
The worker ant is heavily wounded.
The worker ant bites you.
* * * LOW HITPOINT WARNING * * *
The worker ant bites you but does no damage.
You hit the worker ant.
The worker ant is severely wounded.
The worker ant bites you.
You die...

....'..)..#▓⌠...⌠▓#.#
#####.....#▓▓▓▓▓▓▓#.#
## #.....##§.....#.#
.####.######©_....'.#
......# #§.....###
.###### ▓▓▓▓▓▓▓# .#
▓⌠...⌠▓ .# ▓.....▓ ##
▓©..a@▓ ▓.....▓
▓⌠...⌠▓ ▓▓▓▓▓▓▓


You could see a worker ant.

Vanquished Creatures
  An adder (D:2)
  A worm (D:2)
  A dart slug (D:1)
  9 bats
  5 giant cockroaches
  A goblin (D:1)
  6 hobgoblins
  3 jackals (D:1)
  2 frilled lizards (D:1)
  6 kobolds
  4 rats
39 creatures vanquished.

Notes
Turn   | Place    | Note
-------+----------+-------------------------------------------
     0 | D:1      | Buxparty the Mummy Gladiator began the quest for the Orb.
     0 | D:1      | Reached XP level 1. HP: 16/16 MP: 1/1
    85 | D:1      | Reached XP level 2. HP: 19/22 MP: 2/2
   726 | D:2      | Reached XP level 3. HP: 28/28 MP: 3/3
   829 | D:2      | Reached skill level 1 in Armour
  1377 | D:2      | Found a sparkling altar of Nemelex Xobeh.
  1377 | D:2      | Found a transporter.
  1410 | D:2      | HP: 1/28 [worker ant (4)]
  1411 | D:2      | Slain by a worker ant

Levels and vault maps discovered:
D:1:      dpeg_arrival_three_smaller_balls, layout_basic
D:2:      layout_basic, nicolae_ru_awakened_eye, first_ration,
          grunt_nemelex_the_gamble

Skill      XL: |  1  2  3 |
---------------+----------+-----
Throwing       | 2 |  2.0
Armour         | 1 |  1.0
Fighting       | |  2.5
Long Blades    | |  2.7
Dodging        | |  2.8

Action                   || total
-------------------------++-------
Melee: Long sword        ||   110
Armor: Leather armour    ||    45
Dodge: Dodged            ||   102
       Rpst.: Long sword ||    34
